 Dungeon Crawl Stone Soup version 0.23-a0-494-g91793a9 (webtiles) character file.

6031 MalarOregon the Nimble (level 10, -17/77 HPs)
             Began as a Merfolk Transmuter on Dec 3, 2018.
             Was a Follower of Nemelex Xobeh.
             Killed from afar by a deep troll earth mage (31 damage)
             ... with a blast of rock fragments
             ... on level 9 of the Dungeon.
             The game lasted 00:29:12 (13412 turns).

MalarOregon the Nimble (Merfolk Transmuter)        Turns: 13412, Time: 00:29:13

Health: -17/77     AC:  7    Str: 11    XL:     10   Next: 86%
Magic:  18/18      EV: 17    Int: 18    God:    Nemelex Xobeh [*.....]
Gold:   625        SH:  0    Dex: 14    Spells: 6/20 levels left

rFire    . . .     SeeInvis .   B - +1 trident
rCold    . . .     Gourm    .   (no shield)
rNeg     . . .     Faith    .   C - +2 robe {MR+}
rPois    .         Spirit   .   p - +2 hat
rElec    .         Reflect  .   v - scarf {cloud immunity}
rCorr    .         Harm     .   h - +0 pair of gloves
MR       +....                  (no boots)
Stlth    +.........             (no amulet)
HPRegen  0.22/turn              H - ring of wizardry
MPRegen  0.16/turn              I - +2 ring of intelligence

@: no status effects
A: change form in water, swift swim, stealthy swim
a: Renounce Religion


You were on level 9 of the Dungeon.
You worshipped Nemelex Xobeh.
Nemelex Xobeh was aware of your devotion.
You were very hungry.

You visited 2 branches of the dungeon, and saw 10 of its levels.
You also visited: Ossuary.

You collected 625 gold pieces.

Inventory:

Hand Weapons
 B - a +1 trident (weapon)
   (You took it off an orc on level 4 of the Dungeon)
Missiles
 a - 97 arrows
 b - 2 throwing nets {!f}
 x - 5 poisoned tomahawks (quivered)
Armour
 h - a +0 pair of gloves (worn)
   (You found it on level 1 of the Dungeon)
 p - a +2 hat (worn)
   (You found it on level 2 of the Dungeon)
 v - a scarf of cloud immunity (worn)
   (You found it in an ossuary)
 C - a +2 robe of magic resistance (worn)
   (You took it off Pikel on level 7 of the Dungeon)
Jewellery
 H - a ring of wizardry (left hand)
   (You took it off an orc on level 7 of the Dungeon)
 I - a +2 ring of intelligence (right hand)
   (You found it on level 8 of the Dungeon)
Wands
 d - a wand of iceblast (12)
   (You found it on level 5 of the Dungeon)
 u - a wand of paralysis (8)
   (You found it on level 3 of the Dungeon)
 J - a wand of enslavement (8)
   (You found it on level 9 of the Dungeon)
Scrolls
 f - 3 scrolls of identify {@r1}
 g - 3 scrolls of enchant weapon
 j - 3 scrolls of fear
 l - a scroll of amnesia
 n - 3 scrolls of enchant armour
 s - 3 scrolls of fog
 t - 3 scrolls of teleportation {@r4}
 y - 4 scrolls of remove curse {@r2}
 F - a scroll of summoning {unknown}
Potions
 c - a potion of flight
 i - 4 potions of heal wounds {@q2}
 k - 7 potions of curing {@q1}
 o - 2 potions of mutation {!q}
 q - a potion of haste {@q3}
 r - 2 potions of agility
 w - a potion of magic
 z - 3 potions of brilliance
 E - 3 potions of might
 G - 2 potions of cancellation {unknown}
Miscellaneous
 A - a plain deck of destruction
   (Nemelex Xobeh gifted it to you on level 8 of the Dungeon)
 D - a box of beasts
Comestibles
 e - 21 rations {!d}


   Skills:
 + Level 6.7 Fighting
 + Level 7.1 Polearms
 + Level 8.2 Dodging
 + Level 7.4 Unarmed Combat
 + Level 5.8 Spellcasting
 - Level 8.0 Transmutations
 + Level 3.1 Ice Magic
 - Level 5.0 Poison Magic
 + Level 2.9 Invocations
 + Level 2.8 Evocations


You had 6 spell levels left.
You knew the following spells:

 Your Spells              Type           Power        Failure   Level  Hunger
a - Blade Hands           Tmut           ####......   5%          5    #####..
c - Ice Form              Ice/Tmut       ####....     4%          4    ####...
s - Sticks to Snakes      Tmut           ####....     1%          2    None
x - Spider Form           Tmut/Pois      ####......   1%          3    ##.....

Your spell library contained the following spells:

 Spells                   Type           Power        Failure   Level  Hunger
 Beastly Appendage        Tmut           ####..       1%          1    None
 Animate Skeleton         Necr           N/A          4%          1    None
 Pain                     Necr           #...         4%          1    None
 Recall                   Summ/Tloc      N/A          16%         3    ##.....
 Regeneration             Chrm/Necr      #.........   16%         3    ##.....
 Vampiric Draining        Necr           #.........   16%         3    ##.....
 Animate Dead             Necr           N/A          43%         4    ####...
 Borgnjor's Vile Clutch   Necr/Erth      #.........   77%         5    #####..
 Simulacrum               Ice/Necr       ##........   98%         6    #######
 Death Channel            Necr           #.........   99%         6    #######


Dungeon Overview and Level Annotations

Branches:
Dungeon (9/15)             Temple (1/1) D:7
   Lair: D:8-11         Orc: D:9-12

Altars:
Ashenzari
Cheibriados
Dithmenos
Elyvilon
Fedhas
Gozag
Hepliaklqana
Kikubaaqudgha
Makhleb
Nemelex Xobeh
Okawaru
Qazlal
Ru
Sif Muna
Trog
Uskayaw
Vehumet
Wu Jian
Xom
Yredelemnul
Zin
The Shining One
Beogh

Shops:
D:5 [   D:8 (

Annotations:
D:9 exclusion: steam dragon


Message History

There's nothing to close nearby.
There's nothing to close nearby.
There's nothing to close nearby.
There's nothing to close nearby.
There's nothing to close nearby.
You create 2 snakes!
You now have 97 arrows.
A deep troll earth mage opens the door.
You swap places.
The deep troll earth mage points at your ball python and mumbles some strange The wall shatters!
The blast of rock fragments hits your ball python.
Your ball python dies!
The blast of rock fragments hits you!
* * * LOW HITPOINT WARNING * * *
You hear a shout!
There is an open door here.
The wall shatters!
The blast of rock fragments hits your adder.
Your adder dies!
The blast of rock fragments hits you!
* * * LOW HITPOINT WARNING * * *
There is an open door here.
You close the door.
Some rock shatters into small pieces.
The deep troll earth mage gestures at you while chanting.
The wall shatters!
The blast of rock fragments hits you!
* * * LOW HITPOINT WARNING * * *
You hear a grinding noise.
You hear a grinding noise.
The deep troll earth mage casts a spell at the rock wall.
Some rock shatters into small pieces.
The deep troll earth mage casts a spell past you.
The wall shatters!
The blast of rock fragments hits you!
* * * LOW HITPOINT WARNING * * *
Blink to where?
You are very lightly contaminated with residual magic.
As you read the scroll of blinking, it crumbles to dust.
You hear a grinding noise.
You hear a grinding noise.
You hear a grinding noise.
You hear a grinding noise.
You hear a grinding noise.
You hear a grinding noise.
Your magical contamination has completely faded away.
You hear a grinding noise.
You hear a grinding noise.
The deep troll earth mage gestures at you while chanting.
The wall shatters!
The blast of rock fragments hits you!
You die...
Your body disappears without a glow.

#.# #..# #...# ##..#.# #
##T.##.# #. ####..###.#
D. #.........#
#.#############...#######
#.............@..##
##################


You could see a deep troll earth mage.

Vanquished Creatures
  Pikel (D:7)
  A manticore (D:9)
  A troll (D:9)
  A hippogriff (D:8)
  A yak (D:9)
  A yak (shapeshifter) (D:9)
  2 humans (D:9)
  Edmund (D:4)
  Duvessa (D:7)
  2 porcupines
  2 black bears
  3 phantoms
  3 orc warriors
  2 sky beasts
  5 ogres
  A boggart (D:9)
  A centaur (D:5)
  3 bullfrogs
  A wyvern skeleton (D:7)
  3 scorpions
  4 killer bees (D:8)
  4 wights (D:6)
  5 howler monkeys
  A bullfrog zombie (D:9)
  A crimson imp (D:5)
  2 jellies
  5 orc priests
  2 hounds
  A bullfrog skeleton (D:7)
  8 orc wizards
  Jessica (D:2)
  7 worker ants
  Natasha (twice) (D:2)
  A killer bee zombie (D:5)
  A hound zombie (Ossuary)
  A hound skeleton (D:6)
  4 mummies (Ossuary)
  Robin (D:2)
  4 gnolls
  15 adders
  2 shadow imps (D:6)
  An ooze (D:3)
  An adder skeleton (D:8)
  An adder zombie (Ossuary)
  3 worms
  2 dart slugs
  4 leopard geckos
  49 orcs
  2 ball pythons
  6 giant cockroaches
  13 hobgoblins
  17 jackals
  8 kobolds
  4 quokkas
  8 bats
  3 frilled lizards
  18 goblins
  A hobgoblin zombie (Ossuary)
  A jackal skeleton (D:4)
  A kobold zombie (Ossuary)
  A leopard gecko zombie (D:5)
  A quokka skeleton (D:5)
  11 rats
264 creatures vanquished.

Vanquished Creatures (collateral kills)
  An elf zombie (Ossuary)
  2 human zombies (Ossuary)
  2 goblin zombies (Ossuary)
  A hobgoblin zombie (Ossuary)
  A jackal zombie (Ossuary)
  An orc zombie (Ossuary)
8 creatures vanquished.

Vanquished Creatures (others)
  A water moccasin (D:7)
  2 slaves (D:7)
  An ogre (D:7)
  Dowan (D:7)
  A crimson imp (D:7)
  An orc priest (D:7)
  An adder (D:7)
  An adder zombie (D:7)
  2 goblins (D:3)
11 creatures vanquished.

Grand Total: 283 creatures vanquished

Notes
Turn   | Place    | Note
-------+----------+-------------------------------------------
     0 | D:1      | MalarOregon the Merfolk Transmuter began the quest for the
                  | Orb.
     0 | D:1      | Reached XP level 1. HP: 15/15 MP: 3/3
   449 | D:1      | Reached XP level 2. HP: 10/21 MP: 3/5
   605 | D:1      | Learned a level 2 spell: Sticks to Snakes
  1073 | D:1      | Reached XP level 3. HP: 14/26 MP: 6/6
  1220 | D:1      | Learned a level 3 spell: Spider Form
  1958 | D:2      | Noticed Jessica
  2036 | D:2      | Killed Jessica
  2036 | D:2      | Reached skill level 1 in Poison Magic
  2036 | D:2      | Reached XP level 4. HP: 33/33 MP: 3/7
  2276 | D:2      | Found an ancient bone altar of Kikubaaqudgha.
  2356 | D:2      | Noticed Natasha
  2365 | D:2      | Killed Natasha
  2365 | D:2      | Reached XP level 5. HP: 34/38 MP: 3/8
  2545 | D:2      | Noticed Natasha
  2551 | D:2      | Killed Natasha
  2762 | D:3      | Noticed Robin
  2931 | D:2      | Killed Robin
  2931 | D:2      | Reached XP level 6. HP: 40/46 MP: 7/10
  3692 | D:3      | Found a shattered altar of Ashenzari.
  4600 | D:4      | Found a glowing golden altar of the Shining One.
  4652 | D:4      | HP: 1/47 [something (4)]
  4658 | D:4      | Reached XP level 7. HP: 5/52 MP: 8/11
  4961 | D:4      | Found a glowing silver altar of Zin.
  5266 | D:4      | Noticed Edmund
  5280 | D:4      | Killed Edmund
  5280 | D:4      | Reached skill level 5 in Transmutations
  5294 | D:4      | Learned a level 4 spell: Ice Form
  5406 | D:4      | Reached skill level 5 in Dodging
  5712 | D:5      | Entered Level 5 of the Dungeon
  5741 | D:5      | Reached skill level 1 in Polearms
  5778 | D:5      | Reached skill level 5 in Unarmed Combat
  5859 | D:5      | Reached XP level 8. HP: 60/60 MP: 10/13
  6344 | D:5      | Found a hazy altar of Hepliaklqana.
  6408 | D:5      | Found Icerud's Armour Emporium.
  6933 | D:6      | Found a sand-covered staircase.
  6988 | Ossuary  | Entered an ossuary
  7754 | D:6      | Learned a level 5 spell: Blade Hands
  7791 | D:6      | Reached XP level 9. HP: 32/67 MP: 11/15
  8022 | D:6      | Reached skill level 5 in Fighting
  8859 | D:6      | Got a flickering granite ring
  9225 | D:7      | Identified the ring "Cepsifuf" {-Tele MR+ Dex+5} (You found
                  | it on level 6 of the Dungeon)
  9254 | D:7      | Noticed Pikel
  9269 | D:7      | Killed Pikel
  9269 | D:7      | Reached skill level 5 in Polearms
  9269 | D:7      | Reached skill level 5 in Poison Magic
  9420 | D:7      | Reached skill level 5 in Spellcasting
  9534 | D:7      | Noticed Dowan
  9535 | D:7      | Noticed Duvessa
  9794 | D:7      | Found a staircase to the Ecumenical Temple.
 10022 | Temple   | Entered the Ecumenical Temple
 10274 | Temple   | Became a worshipper of Nemelex Xobeh the Trickster
 10344 | D:7      | Killed Duvessa
 10348 | D:7      | Killed Dowan
 10356 | D:7      | Reached XP level 10. HP: 48/76 MP: 15/17
 10395 | D:7      | Found an opulent altar of Gozag.
 10450 | D:7      | Reached skill level 1 in Invocations
 10553 | D:8      | Reached skill level 1 in Ice Magic
 10555 | D:8      | Found a roughly hewn altar of Beogh.
 10555 | D:8      | Received a gift from Nemelex Xobeh
 10565 | D:8      | Reached skill level 1 in Evocations
 10662 | D:8      | Noticed a +0 hand axe
 10662 | D:8      | Noticed a +0 dagger
 10663 | D:8      | Found a hide-covered altar of Uskayaw.
 10669 | D:8      | Found a shadowy altar of Dithmenos.
 10670 | D:8      | Found a white marble altar of Elyvilon.
 10677 | D:8      | Found a blossoming altar of Fedhas.
 10981 | D:8      | Found Kysyw's Antique Weapon Shop.
 11049 | D:8      | Got a brightly glowing granite ring
 11051 | D:8      | Identified the ring of Cohol {*Tele rF++ Slay-4} (You found
                  | it on level 8 of the Dungeon)
 12123 | D:9      | Found an iron altar of Okawaru.
 12303 | D:9      | Reached * piety under Nemelex Xobeh
 12513 | D:9      | Found a runed door.
 12513 | D:9      | Noticed a manticore
 12533 | D:9      | Killed a manticore
 12799 | D:9      | Noticed a spiny frog
 12801 | D:9      | a spiny frog changed into a yak
 13126 | D:9      | Noticed a deep troll earth mage
 13361 | D:9      | HP: 2/77 [deep troll earth mage/blast of rock fragments
                  | (23)]
 13412 | D:9      | Killed from afar by a deep troll earth mage

Vault maps used:
D:1:      eino_arrival_water_star
D:2:      kennysheep_six_static_rooms, lemuel_crystal_altar, first_ration,
          minmay_split_cup_small, uniq_natasha, uniq_jessica
D:3:      ashenzari_altar_1, wad_floor_pattern_2, minmay_crystal_room,
          hangedman_decor_push, uniq_robin
D:4:      zin_treasury, lemuel_altar_in_water, uniq_edmund
D:5:      lemuel_coloured_pillars_altar, serial_shops, shop
D:6:      enter_ossuary_1, kennysheep_pointless_box
D:7:      minmay_temple_entry_fiery, grunt_ogre_cave, grunt_gozag_statues,
          uniq_duvessa, uniq_pikel
D:8:      chequers_temple_overflow_statue_of_worship, dancing_weapons_uskayaw,
          serial_shops, shop_fountains, special_room, dk_vineyard_2,
          minmay_misc_feat_nine_boxes, dk_noncrumbling_4, minmay_door_square,
          chequers_serial_rivers_micro_b, minivault_23
D:9:      okawaru_humans, grunt_lair_entry_orc_guard_hut, minivault_13
Temple:   nicolae_temple_figure_eight
Ossuary:  ossuary_minmay_tomb_2a

Skill      XL: |  1  2  3  4  5  6  7  8  9 10 |
---------------+-------------------------------+-----
Dodging        | 3 4 5 6 7 8 |  8.2
Transmutations | 3 4 5 6 7 8 |  8.0
Fighting       | 2 3 4 6 |  6.7
Poison Magic   | 1 2 3 4 5 |  5.0
Unarmed Combat | 4 5 6 7 |  7.4
Spellcasting   | 3 4 5 |  5.8
Polearms       | 1 3 5 7 |  7.1
Invocations    | 2 |  2.9
Ice Magic      | 3 |  3.1
Evocations     | 2 |  2.8

Action                   |  1- 3 |  4- 6 |  7- 9 | 10-12 || total
-------------------------+-------+-------+-------+-------++-------
Melee: Unarmed           |   114 |   217 |   316 |   121 ||   768
       Headbutt          |     9 |       |     3 |       ||    12
       Punch             |     1 |     2 |     4 |     5 ||    12
       Trident           |       |       |   134 |   161 ||   295
 Cast: Beastly Appendage |     8 |     1 |     5 |       ||    14
       Spider Form       |     5 |    26 |    37 |    13 ||    81
       Sticks to Snakes  |       |       |     7 |     1 ||     8
  Use: Potion            |       |     2 |       |       ||     2
       Scroll            |       |       |    20 |     2 ||    22
 Stab: Sleeping          |     4 |     1 |       |     3 ||     8
       Distracted        |       |       |     2 |       ||     2
  Eat: Chunk             |     5 |    11 |    19 |     7 ||    42
       Ration            |       |       |     1 |     1 ||     2
Armor: Robe              |    13 |    32 |    27 |    28 ||   100
       Skin              |     1 |    11 |    14 |     4 ||    30
Dodge: Dodged            |    77 |   224 |   427 |   242 ||   970

Table legend:
 A = Non-vault XP
 B = Vault XP
 C = Vault XP percentage of total XP
 D = Non-vault monster count
 E = Vault monster count
 F = Vault count percentage of total count
                 A         B        C        D         E       F
            +---------+---------+-------+---------+---------+-------
      Total |    4645 |    3971 |  46.1 |     196 |      77 |  28.2
            +---------+---------+-------+---------+---------+-------
        D:1 |      58 |       0 |   0.0 |      24 |       0 |   0.0
        D:2 |     133 |     129 |  49.2 |      25 |      15 |  37.5
        D:3 |     169 |      12 |   6.6 |      37 |       7 |  15.9
        D:4 |     315 |     157 |  33.3 |      20 |       1 |   4.8
        D:5 |     496 |       0 |   0.0 |      15 |       0 |   0.0
        D:6 |    1446 |       0 |   0.0 |      37 |       0 |   0.0
        D:7 |     710 |     882 |  55.4 |      17 |       4 |  19.0
        D:8 |     946 |     510 |  35.0 |      15 |      25 |  62.5
        D:9 |     372 |    2046 |  84.6 |       6 |       9 |  60.0
    Ossuary |       0 |     235 | 100.0 |       0 |      16 | 100.0
            +---------+---------+-------+---------+---------+-------
